 Dungeon Crawl Stone Soup version 0.21.1-1-g345015fe64 (webtiles) character file.

3702 Gobser the Cleaver (level 9, -1/75 HPs)
             Began as a Yellow Draconian Gladiator on May 17, 2018.
             Was a Priest of the Shining One.
             Succumbed to Grum's poison
             ... on level 8 of the Dungeon.
             The game lasted 00:32:40 (7510 turns).

Gobser the Cleaver (Yellow Draconian Gladiator)     Turns: 7510, Time: 00:32:41

Health: -1/75      AC: 11    Str: 20 (21) XL:     9   Next: 91%
Magic:  17/18      EV: 20    Int:  7 (9)  God:    the Shining One [***...]
Gold:   312        SH: 12    Dex: 16 (18) Spells: 8/8 levels left

rFire    . . .     SeeInvis .   a - +2 war axe
rCold    + . .     Gourm    .   f - +1 buckler
rNeg     + . .     Faith    .   (armour unavailable)
rPois    .         Spirit   .   b - +0 hat
rElec    .         Reflect  .   l - +2 cloak
rCorr    +         Harm     .   e - +0 pair of gloves
MR       .....                  (no boots)
Stlth    ++........             (no amulet)
HPRegen  0.22/turn              k - ring of magical power
MPRegen  0.16/turn              (no ring)

@: agile, lethally poisoned (-1 -> -14), divine shield, about to teleport, short
of breath, glowing
A: spit acid, acid resistance, unfitting armour, hooves 1, stinger 1, camouflage
1, cold resistance 1, strong 1, wild magic 1, evolution 1, cold-blooded, AC +7
a: Breathe Acid, Divine Shield, Renounce Religion


You were on level 8 of the Dungeon.
You worshipped the Shining One.
The Shining One was most pleased with you.
You were hungry.

You visited 1 branch of the dungeon, and saw 8 of its levels.

You collected 312 gold pieces.

Inventory:

Hand Weapons
 a - a +2 war axe (weapon)
 c - a +1 short sword of holy wrath
 h - a +1 dagger of protection
 r - a +0 dire flail
 u - a +3 flail of holy wrath
Missiles
 p - 5 tomahawks (quivered)
Armour
 b - a +0 hat (worn)
 e - a +0 pair of gloves (worn)
 f - a +1 buckler (worn)
 l - a +2 cloak (worn)
 n - a +0 pair of gloves
Jewellery
 i - an uncursed ring of fire
 k - a ring of magical power (left hand)
Wands
 o - a wand of acid (8)
 t - a wand of digging (12)
Scrolls
 g - 3 scrolls of teleportation
 j - 2 scrolls of identify
 q - 3 scrolls of remove curse
Potions
 s - a potion of agility
Books
 m - a book of Necromancy

   Spells                             Type                      Level
   a - Pain                           Necromancy                   1
   b - Animate Skeleton               Necromancy                   1
   c - Vampiric Draining              Necromancy                   3
   d - Regeneration                   Charms/Necromancy            3
   e - Animate Dead                   Necromancy                   4
   f - Borgnjor's Vile Clutch         Necromancy/Earth             5
   The Shining One disapproves of the use of such an item.
Comestibles
 d - 4 rations


   Skills:
 + Level 6.1 Fighting
 * Level 9.4(10.1) Axes
 * Level 5.9(8.5) Maces & Flails
 + Level 3.6 Throwing
 + Level 5.4 Dodging
 - Level 2.3 Stealth
 + Level 3.1 Shields
 + Level 0.2 Invocations


You had 8 spell levels left.
You didn't know any spells.

Dungeon Overview and Level Annotations

Branches:
Dungeon (8/15)             Temple (0/1) D:5
   Lair: D:8-11

Altars:
Dithmenos
Fedhas
Hepliaklqana
Kikubaaqudgha
Nemelex Xobeh
Okawaru
Sif Muna
Trog
Vehumet
Zin
The Shining One

Shops:
D:4 =

Annotations:
D:8 Grum


Innate Abilities, Weirdness & Mutations

You can spit globs of acid.
You are resistant to acid.
Your golden yellow scales are hard. (AC +7)
You cannot fit into any form of body armour.
You are cold-blooded and may be slowed by cold attacks.
You have large cloven feet.
Your tail ends in a poisonous barb.
Your skin changes colour to match your surroundings (Stealth+).
Your flesh is cold resistant. (rC+)
Your muscles are strong. (Str +2)
Your spells are a little harder to cast, but a little more powerful.
You evolve.


Message History

An orc comes into view. It is wielding a falchion.
You slash the wolf! Your kick misses the wolf.
The wolf is heavily wounded.
You hit the wolf.
You feel sick. You block the wolf's attack. x2
Grum completely misses you. You block the wolf's attack.
As you read the scroll of teleportation, it crumbles to dust.
You feel strangely unstable. The wolf bites you but does no damage.
The wolf misses you. You block Grum's attack. The wolf misses you.
The wolf bites you but does no damage.
An iguana comes into view.
You slash the wolf! Your kick misses the wolf.
Your tail-slap misses the wolf.
The wolf is severely wounded.
You hit the wolf. The wolf bites you!
* * * LOW HITPOINT WARNING * * *
You block the wolf's attack.
Grum hits you from afar with a spear of venom.
* * * LOW HITPOINT WARNING * * *
You are more poisoned.
You block the wolf's attack.
You die...

... .. .(... $# ......
.# #....l .#
#.....####)#
....#(o.)gh# #
#.#...(h.h## ... #
#.##......##.... .##
#.##....@....... ..##
#.##....#....... #..##
##.####..........
.....###..####..........
..##..##.#.......##.....
.<###............# #....
..#..............# ....
....###............. ...
..### #........#.....


You could see Grum, 3 wolves, an iguana and an orc.

Vanquished Creatures
  Maurice (D:8)
  The ghost of Tegun the Insei, an amateur DsFi (D:5)
  Prince Ribbit (D:6)
  A hungry ghost (D:7)
  Menkaure (D:6)
  Edmund (D:6)
  An orc warrior (D:8)
  Duvessa (D:4)
  2 ice beasts (D:7)
  2 phantoms
  An ogre (D:4)
  3 centaurs
  2 bullfrogs
  Dowan (D:4)
  7 scorpions
  3 killer bees (D:7)
  A howler monkey (D:2)
  2 bullfrog zombies (D:6)
  4 crimson imps
  2 centaur zombies
  A centaur skeleton (D:8)
  5 hounds
  3 jellies
  4 orc wizards
  3 orc priests
  Crazy Yiuf (D:6)
  3 worker ants
  4 gnolls (D:4)
  9 adders
  An ooze (D:2)
  An adder zombie (D:3)
  An adder skeleton (D:5)
  3 worms
  2 dart slugs (D:3)
  3 leopard geckos
  21 orcs
  4 bats
  7 giant cockroaches
  7 hobgoblins
  4 jackals (D:1)
  12 kobolds
  3 quokkas
  3 frilled lizards
  5 goblins
  A leopard gecko skeleton (D:6)
  6 rats
  2 fungi (D:6)
157 creatures vanquished.

Notes
Turn   | Place    | Note
-------+----------+-------------------------------------------
     0 | D:1      | Gobser the Draconian Gladiator began the quest for the Orb.
     0 | D:1      | Reached XP level 1. HP: 17/17 MP: 1/1
   208 | D:1      | Reached XP level 2. HP: 21/25 MP: 2/2
   769 | D:1      | Reached XP level 3. HP: 30/30 MP: 3/3
  1099 | D:2      | Found a faded altar of an unknown god.
  1111 | D:2      | Reached XP level 4. HP: 23/37 MP: 4/4
  1144 | D:2      | Reached skill level 4 in Axes
  1239 | D:2      | Gained mutation: You tend to lose your temper in combat. [potion of mutation]
  1239 | D:2      | Gained mutation: You are robust. (+10% HP) [potion of mutation]
  1239 | D:2      | Gained mutation: Your muscles are strong. (Str +2) [potion of mutation]
  1239 | D:2      | Gained mutation: Your spells are a little harder to cast, but a little more powerful. [potion of mutation]
  1453 | D:2      | Reached skill level 1 in Stealth
  1494 | D:2      | Reached XP level 5. HP: 39/46 MP: 5/5
  1696 | D:2      | Became a worshipper of the Shining One
  1696 | D:2      | Reached * piety under the Shining One
  1927 | D:3      | Found a shadowy altar of Dithmenos.
  2351 | D:3      | Lost mutation: You are robust. (+10% HP) [potion of mutation]
  2351 | D:3      | Lost mutation: You tend to lose your temper in combat. [potion of mutation]
  2351 | D:3      | Gained mutation: Your skin changes colour to match your surroundings (Stealth+). [potion of mutation]
  2351 | D:3      | Gained mutation: Your flesh is cold resistant. (rC+) [potion of mutation]
  2351 | D:3      | Gained mutation: You evolve. [potion of mutation]
  2376 | D:3      | Found a glowing silver altar of Zin.
  2520 | D:3      | Found a sparkling altar of Nemelex Xobeh.
  2520 | D:3      | Found a radiant altar of Vehumet.
  2520 | D:3      | Found a deep blue altar of Sif Muna.
  2522 | D:3      | Found a bloodstained altar of Trog.
  2524 | D:3      | Reached skill level 5 in Axes
  2750 | D:4      | Reached XP level 6. HP: 40/50 MP: 6/6
  2909 | D:4      | Noticed Duvessa
  2909 | D:4      | Noticed Dowan
  2931 | D:4      | Killed Duvessa
  2931 | D:4      | Reached skill level 6 in Axes
  2940 | D:4      | Killed Dowan
  2940 | D:4      | Your scales start taking on a golden yellow colour.
  2940 | D:4      | Reached XP level 7. HP: 35/57 MP: 7/7
  3304 | D:4      | Gained mutation: Your tail ends in a poisonous barb. [evolution]
  3324 | D:4      | Found a hazy altar of Hepliaklqana.
  3399 | D:4      | Reached skill level 7 in Axes
  3696 | D:4      | Found Vupn's Jewellery Boutique.
  3745 | D:5      | Entered Level 5 of the Dungeon
  3778 | D:5      | Noticed Tegun's ghost (amateur DsFi)
  3796 | D:5      | HP: 2/59 [Tegun's ghost (6)]
  3798 | D:5      | Found a staircase to the Ecumenical Temple.
  4503 | D:5      | Reached ** piety under the Shining One
  4507 | D:5      | Reached XP level 8. HP: 47/67 MP: 8/8
  4599 | D:5      | Killed Tegun's ghost
  4599 | D:5      | Reached skill level 8 in Axes
  4599 | D:5      | Reached skill level 1 in Shields
  4982 | D:5      | Found a blossoming altar of Fedhas.
  5579 | D:6      | Found an ancient bone altar of Kikubaaqudgha.
  5685 | D:6      | Reached skill level 5 in Fighting
  5685 | D:6      | Reached skill level 9 in Axes
  5731 | D:6      | Noticed Menkaure
  5740 | D:6      | Killed Menkaure
  5898 | D:6      | Noticed Edmund
  5900 | D:6      | Reached XP level 9. HP: 43/74 MP: 9/9
  5903 | D:6      | Reached skill level 5 in Dodging
  5907 | D:6      | Killed Edmund
  6160 | D:6      | Noticed Prince Ribbit
  6166 | D:6      | Killed Prince Ribbit
  6166 | D:6      | Reached skill level 1 in Maces & Flails
  6312 | D:6      | Gained mutation: You have large cloven feet. [evolution]
  6480 | D:6      | Found a runed door.
  6484 | D:6      | Noticed Crazy Yiuf
  6487 | D:6      | Killed Crazy Yiuf
  6862 | D:7      | Found an iron altar of Okawaru.
  6898 | D:7      | Reached *** piety under the Shining One
  7473 | D:8      | Noticed Maurice
  7486 | D:8      | Noticed Grum
  7492 | D:8      | Killed Maurice
  7492 | D:8      | Reached skill level 5 in Maces & Flails
  7509 | D:8      | HP: 1/75 [Grum/spear of venom (4)]
  7510 | D:8      | Succumbed to Grum's poison

Skill      XL: |  1  2  3  4  5  6  7  8  9 |
---------------+----------------------------+-----
Dodging        | 3 4 5 |  5.4
Throwing       | 2 3 |  3.6
Axes           | 4 5 6 7 9 |  9.4
Stealth        | 1 2 |  2.3
Fighting       | 3 4 5 6 |  6.1
Shields        | 2 3 |  3.1
Maces & Flails | 5 |  5.9
Invocations    | |  0.2

Action                   |  1- 3 |  4- 6 |  7- 9 || total
-------------------------+-------+-------+-------++-------
Melee: War axe           |    74 |   122 |   161 ||   357
       Tailslap          |     8 |    15 |    35 ||    58
       Flail             |       |       |    95 ||    95
       Kick              |       |       |    26 ||    26
Throw: Throwing net      |     4 |     2 |       ||     6
       Tomahawk          |       |    11 |    27 ||    38
Invok: Divine Shield     |       |       |     2 ||     2
 Abil: Breathe Acid      |       |       |     5 ||     5
  Use: Potion            |     5 |     3 |     6 ||    14
       Scroll            |     3 |     8 |     8 ||    19
 Stab: Sleeping          |     3 |     1 |       ||     4
  Eat: Ration            |     1 |     1 |     5 ||     7
Armor: Skin              |    43 |    35 |    66 ||   144
Dodge: Dodged            |    70 |    64 |   149 ||   283
Block: Buckler           |     1 |    16 |    67 ||    84
